 Dungeon Crawl Stone Soup version 0.27-a0-1189-gb8eb6cee8e (webtiles) character file.

Game seed: 17183315709714700829

9 MirrMurr the Sneak (level 2, 0/13 HPs)
             Began as a Spriggan Enchanter on May 23, 2021.
             Succumbed to a kobold's poison
             ... on level 2 of the Dungeon.
             The game lasted 00:02:49 (1134 turns).

MirrMurr the Sneak (Spriggan Enchanter)             Turns: 1134, Time: 00:02:50

Health: 0/13       AC:  2    Str:  4    XL:     2   Next: 3%
Magic:  6/6        EV: 17    Int: 16    God:
Gold:   59         SH:  0    Dex: 15    Spells: 3/6 levels left

rFire    . . .     SeeInvis +   a - +1 dagger
rCold    . . .     Faith    .   (shield restricted)
rNeg     . . .     Spirit   .   b - +0 robe
rPois    .         Reflect  .   (helmet restricted)
rElec    .         Harm     .   (no cloak)
rCorr    .         Rampage  .   (gloves unavailable)
Will     .....                  (boots unavailable)
Stlth    +++.......             (no amulet)
HPRegen  0.04/turn              (no ring)
MPRegen  0.10/turn              (no ring)

@: lethally poisoned (0 -> -1), flying, very quick
A: very small, no large weapons, unfitting armour, see invisible, speed 3
a: no special abilities


You were on level 2 of the Dungeon.
You visited 1 branch of the dungeon, and saw 2 of its levels.

You collected 59 gold pieces.

Inventory:

Hand Weapons
 a - a +1 dagger (weapon)
Missiles
 e - 45 sling bullets
 g - 18 stones
Armour
 b - a +0 robe (worn)
Jewellery
 i - a ring of protection from fire
Scrolls
 c - a scroll of torment {unknown}
 d - a scroll of identify {unknown}
 h - a scroll of enchant weapon {unknown}


   Skills:
 + Level 1.8 Short Blades
 - Level 2.6 Dodging
 + Level 5.0 Stealth
 - Level 2.6 Spellcasting
 - Level 3.6 Hexes


You had 3 spell levels left.
You knew the following spells:

 Your Spells              Type           Power      Damage    Failure   Level
a - Ensorcelled Hibernat  Hex/Ice        14%        N/A       14%         2
C - Corona                Hex            14%        N/A       4%          1

Your spell library contained the following spells:

 Spells                   Type           Power      Damage    Failure   Level
 Confusing Touch          Hex            13%        N/A       13%         3
 Tukima's Dance           Hex            13%        N/A       13%         3
 Dazzling Flash           Conj/Hex       14%        N/A       28%         3


Dungeon Overview and Level Annotations

Branches:
Dungeon (2/15)

Altars:

Shops:
D:1 :


Innate Abilities, Weirdness & Mutations

You are very small and have problems with some larger weapons.
You are too small for most types of armour.
You have supernaturally acute eyesight. (SInv)
You cover ground extremely quickly. (Speed+++)


Message History

There is a stone staircase leading up here.
You climb upwards.
There is a stone staircase leading down here.
Done exploring.
Search for what [Enter for "."]?
Unknown command.
You climb downwards.
There is a stone staircase leading up here.
You open the door.
Found a whip.
There is an open door here.
A kobold comes into view. It is wielding a +0 dagger of venom.
The kobold shouts!
You barely miss the kobold.
The kobold hits you with a +0 dagger of venom.
You are poisoned.
You hit the kobold.
The kobold is severely wounded.
You feel sick. The kobold hits you but does no damage.
You are lethally poisoned!
You hit the kobold.
You kill the kobold!
You feel sick.
Your Stealth skill increases to level 5!
No target in view!
You feel sick.
You feel sick.
You feel sick.
You feel sick.
It was a potion of flight.
You feel very buoyant.
You fly up into the air.
You feel sick.
* * * LOW HITPOINT WARNING * * *
You feel sick.
There is an open door here.
* * * LOW HITPOINT WARNING * * *
You feel sick.
* * * LOW HITPOINT WARNING * * *
You feel sick.
You die...

############.#######
#........#
#.#..#.#.# #.#.##
..# #..## #...
#...###..##
##....#.#
########......##.#
.............@...#
########.<...#####
##...## ###.# ##'##
##)..## ##.....##
##.......##
#.........#


There were no monsters in sight!

Vanquished Creatures
  An endoplasm (D:1)
  2 goblins (D:1)
  A quokka (D:2)
  A frilled lizard (D:2)
  A kobold (D:2)
  3 rats
9 creatures vanquished.

Notes
Turn   | Place    | Note
-------+----------+-------------------------------------------
     0 | D:1      | MirrMurr the Spriggan Enchanter began the quest for the
                  | Orb.
     0 | D:1      | Reached XP level 1. HP: 9/9 MP: 5/5
   662 | D:1      | Found Retawu's Book Boutique.
  1057 | D:2      | Reached XP level 2. HP: 13/13 MP: 6/6
  1060 | D:2      | Learned a level 2 spell: Ensorcelled Hibernation
  1124 | D:2      | Reached skill level 5 in Stealth
  1134 | D:2      | Succumbed to a kobold's poison

Illustrated notes

Levels and vault maps discovered:
D:1:      minmay_arrival_widening_spiral_wide, layout_loops_ring, serial_shops,
          shop, hangedman_decor_peaks_small
D:2:      wander_river, layout_loops_corners, basic_altar,
          minmay_randomly_rotated_circles

Skill      XL: |  1  2 |
---------------+-------+-----
Stealth        | 5 |  5.0
Short Blades   | |  1.8
Dodging        | |  2.6
Spellcasting   | |  2.6
Hexes          | |  3.6

Action                   || total
-------------------------++-------
Melee: Dagger            ||    22
  Use: Potion            ||     1
 Stab: Sleeping          ||     3
Armor: Robe              ||     1
Dodge: Dodged            ||     8

Table legend: (Time is in decaauts)
 A = Elapsed time spent in this place.
 B = Non-inter-level travel time spent in this place.
 C = Inter-level travel time spent in this place.
 D = Time resting spent in this place.
 E = Time spent auto-exploring this place.
 F = Levels seen in this place.
 G = Mean time per level.
                   A        B        C        D        E       F      G
               +--------+--------+--------+--------+--------+-----+--------+
         Total |    784 |    739 |     45 |     89 |    531 |   2 |  392.0 |
       Dungeon |    784 |    739 |     45 |     89 |    531 |   2 |  392.0 |
               +--------+--------+--------+--------+--------+-----+--------+

Top non-repeatable levels by time:
     D:1: 693 daAuts
     D:2: 90 daAuts
